% Time on Ice - UTAH ICE BEARS
Lines # - Real PCT - Wanted PCT - Time Play
Normal Forward
1 - 35% - 36% - 17:06
2 - 31% - 31% - 14:56
3 - 31% - 23% - 14:59
4 - 3% - 10% - 1:38
Normal Defense
1 - 21% - 36% - 10:10
2 - 36% - 31% - 17:24
3 - 23% - 23% - 10:59
4 - 21% - 10% - 10:06
PP Forward
1 - 41% - 55% - 1:40
2 - 59% - 45% - 2:25
PP Defense
1 - 59% - 55% - 2:25
2 - 41% - 45% - 1:40
PK Forward
1 - 59% - 55% - 3:52
2 - 41% - 45% - 2:44
PK Defense
1 - 48% - 55% - 3:12
2 - 52% - 45% - 3:24
PK3 Forward
1 - 85% - 55% - 0:34
2 - 15% - 45% - 0:06
PK3 Defense
1 - 53% - 55% - 0:21
2 - 48% - 45% - 0:19
44 Forward
1 - 0% - 55%
2 - 0% - 45%
44 Defense
1 - 0% - 55%
2 - 0% - 45%
Last Minute Offensive  - 0:00
Last Minute Defensive  - 0:00
Total
Forward - 60:00
Defense - 60:00
% Time on Ice - TEXAS TOROS
Lines # - Real PCT - Wanted PCT - Time Play
Normal Forward
1 - 26% - 36% - 12:33
2 - 32% - 31% - 15:27
3 - 29% - 23% - 13:53
4 - 14% - 10% - 6:46
Normal Defense
1 - 31% - 36% - 15:04
2 - 34% - 31% - 16:22
3 - 23% - 23% - 11:25
4 - 12% - 10% - 5:48
PP Forward
1 - 55% - 55% - 4:00
2 - 45% - 45% - 3:16
PP Defense
1 - 52% - 55% - 3:46
2 - 48% - 45% - 3:30
PK Forward
1 - 60% - 55% - 2:27
2 - 40% - 45% - 1:38
PK Defense
1 - 38% - 55% - 1:34
2 - 62% - 45% - 2:31
PK3 Forward
1 - 0% - 55%
2 - 0% - 45%
PK3 Defense
1 - 0% - 55%
2 - 0% - 45%
44 Forward
1 - 0% - 55%
2 - 0% - 45%
44 Defense
1 - 0% - 55%
2 - 0% - 45%
Last Minute Offensive  - 0:00
Last Minute Defensive  - 0:00
Total
Forward - 60:00
Defense - 60:00
Play-by-Play 1st period 0:01 of 1st period - Nazem Kadri wins face-off versus Artem Anisimov in neutral zone. 1:23 of 1st period - T.J. Brodie is hit by Dmitry Kulikov and loses puck. 1:48 of 1st period - Icing by Dante Fabbro. 1:49 of 1st period - Valtteri Filppula wins face-off versus Blake Lizotte in TEXAS TOROS zone. 2:38 of 1st period - Shot by Nick Cousins. 2:38 of 1st period - Shot Misses the Net. 3:09 of 1st period - Shot by Nicholas Paul. 3:09 of 1st period - Stopped by Cory Schneider with a rebound. 3:11 of 1st period - Shot by Alexander Edler. 3:11 of 1st period - Stopped by Cory Schneider with a rebound. 3:20 of 1st period - Zachary Sanford is hit by Madison Bowey and loses puck. 3:55 of 1st period - Shot by Alex Galchenyuk. 3:55 of 1st period - Shot Blocked by Madison Bowey. 4:30 of 1st period - Andrew Mangiapane is hit by Dante Fabbro and loses puck. 5:06 of 1st period - Artem Anisimov is hit by Dante Fabbro and loses puck. 5:18 of 1st period - Icing by Alexander Edler. 5:19 of 1st period - Morgan Klimchuk wins face-off versus Nicholas Paul in UTAH ICE BEARS zone. 5:24 of 1st period - Shot by Nick Cousins. 5:24 of 1st period - Stopped by Devan Dubnyk without a rebound. 5:25 of 1st period - Robert Lantosi wins face-off versus Barrett Hayton in UTAH ICE BEARS zone. 5:25 of 1st period - Robert Lantosi is hit by Barrett Hayton. 5:45 of 1st period - Icing by Blake Lizotte. 5:46 of 1st period - Blake Lizotte wins face-off versus Nazem Kadri in UTAH ICE BEARS zone. 6:01 of 1st period - Shot by Vladimir Sobotka. 6:01 of 1st period - Stopped by Cory Schneider with a rebound. 6:03 of 1st period - Shot by Vladimir Sobotka. 6:03 of 1st period - Goal by Vladimir Sobotka - UTAH ICE BEARS : 1 - TEXAS TOROS : 0. 6:04 of 1st period - Barrett Hayton wins face-off versus Alex Galchenyuk in neutral zone. 7:27 of 1st period - Shot by Jake Virtanen. 7:27 of 1st period - Shot Blocked by MacKenzie Weegar. 7:29 of 1st period - Shot by Valtteri Filppula. 7:29 of 1st period - Shot Misses the Net. 7:46 of 1st period - Off-side. 7:47 of 1st period - Blake Lizotte wins face-off versus Nazem Kadri in neutral zone. 8:06 of 1st period - Shot by Nazem Kadri. 8:06 of 1st period - Deflect By Conor Sheary. 8:06 of 1st period - Shot Misses the Net. 8:08 of 1st period - Shot by Conor Sheary. 8:08 of 1st period - Goal by Conor Sheary - UTAH ICE BEARS : 1 - TEXAS TOROS : 1. 8:09 of 1st period - Alex Galchenyuk wins face-off versus Dale Weise in neutral zone. 8:16 of 1st period - Shot by Andrew Mangiapane. 8:16 of 1st period - Shot Misses the Net. 8:18 of 1st period - Shot by Alexander Edler. 8:18 of 1st period - Shot Blocked by Tyson Barrie. 8:37 of 1st period - Shot by Andrew Mangiapane. 8:37 of 1st period - Shot Misses the Net. 8:39 of 1st period - Shot by Alexander Edler. 8:39 of 1st period - Goal by Alexander Edler - UTAH ICE BEARS : 2 - TEXAS TOROS : 1. 8:40 of 1st period - Valtteri Filppula wins face-off versus Blake Lizotte in neutral zone. 8:54 of 1st period - Minor Penalty to Radim Simek for Hooking. 8:55 of 1st period - Valtteri Filppula wins face-off versus Alex Galchenyuk in UTAH ICE BEARS zone. 8:56 of 1st period - Shot by Aaron Ekblad. 8:56 of 1st period - Stopped by Devan Dubnyk without a rebound. 8:57 of 1st period - Nazem Kadri wins face-off versus Alex Galchenyuk in UTAH ICE BEARS zone. 9:30 of 1st period - Shot by Mats Zuccarello. 9:30 of 1st period - Stopped by Devan Dubnyk without a rebound. 9:31 of 1st period - Valtteri Filppula wins face-off versus Alex Galchenyuk in UTAH ICE BEARS zone. 9:50 of 1st period - Shot by Valtteri Filppula. 9:50 of 1st period - Shot Misses the Net. 9:52 of 1st period - Shot by Vince Dunn. 9:52 of 1st period - Stopped by Devan Dubnyk with a rebound. 9:54 of 1st period - Shot by Valtteri Filppula. 9:54 of 1st period - Shot Blocked by T.J. Brodie. 10:13 of 1st period - Minor Penalty to Alexander Edler for Hooking. 10:14 of 1st period - Nazem Kadri wins face-off versus Zachary Sanford in UTAH ICE BEARS zone. 10:30 of 1st period - Shot by Nazem Kadri. 10:30 of 1st period - Shot Misses the Net. 10:32 of 1st period - Shot by Tyson Barrie. 10:32 of 1st period - Shot Misses the Net. 10:34 of 1st period - Shot by Aaron Ekblad. 10:34 of 1st period - Stopped by Devan Dubnyk without a rebound. 10:35 of 1st period - Nicholas Paul wins face-off versus Nazem Kadri in UTAH ICE BEARS zone. 10:43 of 1st period - Icing by Jake Virtanen. 10:44 of 1st period - Nazem Kadri wins face-off versus Zachary Sanford in TEXAS TOROS zone. 12:52 of 1st period - Shot by Vladimir Sobotka. 12:52 of 1st period - Deflect By Blake Lizotte. 12:52 of 1st period - Shot Misses the Net. 13:58 of 1st period - Shot by Zachary Sanford. 13:58 of 1st period - Deflect By Artem Anisimov. 13:58 of 1st period - Shot Misses the Net. 14:00 of 1st period - Shot by Alexander Edler. 14:00 of 1st period - Shot Misses the Net. 14:04 of 1st period - Shot by Zachary Sanford. 14:04 of 1st period - Stopped by Cory Schneider without a rebound. 14:05 of 1st period - Nazem Kadri wins face-off versus Blake Lizotte in TEXAS TOROS zone. 14:21 of 1st period - Shot by MacKenzie Weegar. 14:21 of 1st period - Stopped by Cory Schneider without a rebound. 14:22 of 1st period - Valtteri Filppula wins face-off versus Artem Anisimov in TEXAS TOROS zone. 14:29 of 1st period - Shot by Nicholas Paul. 14:29 of 1st period - Shot Misses the Net. 14:31 of 1st period - Shot by Zachary Sanford. 14:31 of 1st period - Shot Hit the Post. 14:33 of 1st period - Shot by Alexander Edler. 14:33 of 1st period - Stopped by Cory Schneider without a rebound. 14:34 of 1st period - Nazem Kadri wins face-off versus Alex Galchenyuk in TEXAS TOROS zone. 15:01 of 1st period - Shot by Andrew Mangiapane. 15:01 of 1st period - Shot Misses the Net. 15:03 of 1st period - Shot by Andrew Mangiapane. 15:03 of 1st period - Deflect By Alex Galchenyuk. 15:03 of 1st period - Stopped by Cory Schneider without a rebound. 15:04 of 1st period - Valtteri Filppula wins face-off versus Artem Anisimov in TEXAS TOROS zone. 15:04 of 1st period - Valtteri Filppula is hit by Nicholas Paul. 15:41 of 1st period - T.J. Brodie is hit by Valtteri Filppula. 16:04 of 1st period - Icing by Vince Dunn. 16:05 of 1st period - Valtteri Filppula wins face-off versus Valentin Zykov in TEXAS TOROS zone. 16:05 of 1st period - Valtteri Filppula is hit by Valentin Zykov. 16:30 of 1st period - Shot by Mats Zuccarello. 16:30 of 1st period - Shot Blocked by Alexander Edler. 16:32 of 1st period - Shot by Conor Sheary. 16:32 of 1st period - Stopped by Devan Dubnyk with a rebound. 16:34 of 1st period - Shot by Mats Zuccarello. 16:34 of 1st period - Stopped by Devan Dubnyk with a rebound. 16:36 of 1st period - Shot by Mats Zuccarello. 16:36 of 1st period - Stopped by Devan Dubnyk without a rebound. 16:37 of 1st period - Blake Lizotte wins face-off versus Barrett Hayton in UTAH ICE BEARS zone. 16:58 of 1st period - Shot by Nick Cousins. 16:58 of 1st period - Shot Blocked by MacKenzie Weegar. 17:02 of 1st period - Shot by Nick Cousins. 17:02 of 1st period - Stopped by Devan Dubnyk without a rebound. 17:03 of 1st period - Nazem Kadri wins face-off versus Artem Anisimov in UTAH ICE BEARS zone. 17:20 of 1st period - Shot by Artem Anisimov. 17:20 of 1st period - Shot Misses the Net. 17:26 of 1st period - Shot by Nicholas Paul. 17:26 of 1st period - Stopped by Cory Schneider with a rebound. 18:36 of 1st period - Alex Galchenyuk is hit by Jake Virtanen and loses puck. 18:47 of 1st period - Shot by Jake Virtanen. 18:47 of 1st period - Stopped by Devan Dubnyk without a rebound. 18:48 of 1st period - Blake Lizotte wins face-off versus Barrett Hayton in UTAH ICE BEARS zone. 18:48 of 1st period - Blake Lizotte is hit by Morgan Klimchuk. 18:59 of 1st period - T.J. Brodie is hit by Barrett Hayton. 19:48 of 1st period - Icing by Zachary Sanford. 19:49 of 1st period - Artem Anisimov wins face-off versus Nazem Kadri in UTAH ICE BEARS zone. Goals for this period are 2 for UTAH ICE BEARS vs 1 for TEXAS TOROS. Shots for this period are 10 for UTAH ICE BEARS vs 11 for TEXAS TOROS. 2nd period 0:01 of 2nd period - Nazem Kadri wins face-off versus Andrew Mangiapane in neutral zone. 0:04 of 2nd period - Shot by Mats Zuccarello. 0:04 of 2nd period - Deflect By Nazem Kadri. 0:04 of 2nd period - Stopped by Devan Dubnyk without a rebound. 0:05 of 2nd period - Nazem Kadri wins face-off versus Alex Galchenyuk in UTAH ICE BEARS zone. 0:05 of 2nd period - Mats Zuccarello is hit by Alexander Edler and loses puck. 0:08 of 2nd period - Shot by Nazem Kadri. 0:08 of 2nd period - Shot Misses the Net. 0:10 of 2nd period - Shot by Mats Zuccarello. 0:10 of 2nd period - Shot Misses the Net. 0:12 of 2nd period - Shot by Tyson Barrie. 0:12 of 2nd period - Stopped by Devan Dubnyk without a rebound. 0:13 of 2nd period - Nazem Kadri wins face-off versus Alex Galchenyuk in UTAH ICE BEARS zone. 0:28 of 2nd period - Shot by Alex Galchenyuk. 0:28 of 2nd period - Stopped by Cory Schneider without a rebound. 0:29 of 2nd period - Valtteri Filppula wins face-off versus Blake Lizotte in TEXAS TOROS zone. 0:58 of 2nd period - Shot by Jake Virtanen. 0:58 of 2nd period - Shot Blocked by T.J. Brodie. 1:30 of 2nd period - Alexander Edler is hit by Brock McGinn and loses puck. 1:49 of 2nd period - Shot by Nazem Kadri. 1:49 of 2nd period - Shot Blocked by Alexander Edler. 1:51 of 2nd period - Shot by Mats Zuccarello. 1:51 of 2nd period - Shot Blocked by Radim Simek. 1:53 of 2nd period - Shot by Madison Bowey. 1:53 of 2nd period - Stopped by Devan Dubnyk without a rebound. 1:54 of 2nd period - Artem Anisimov wins face-off versus Barrett Hayton in UTAH ICE BEARS zone. 2:05 of 2nd period - Shot by Artem Anisimov. 2:05 of 2nd period - Stopped by Cory Schneider with a rebound. 2:26 of 2nd period - Nicholas Paul is hit by Tyson Barrie and loses puck. 2:42 of 2nd period - Icing by Alex Galchenyuk. 2:43 of 2nd period - Nazem Kadri wins face-off versus Alex Galchenyuk in UTAH ICE BEARS zone. 3:24 of 2nd period - Shot by Nazem Kadri. 3:24 of 2nd period - Shot Misses the Net. 3:26 of 2nd period - Shot by Madison Bowey. 3:26 of 2nd period - Goal by Madison Bowey - UTAH ICE BEARS : 2 - TEXAS TOROS : 2. 3:27 of 2nd period - Valtteri Filppula wins face-off versus Blake Lizotte in neutral zone. 3:57 of 2nd period - Shot by Brock McGinn. 3:57 of 2nd period - Stopped by Devan Dubnyk without a rebound. 3:58 of 2nd period - Artem Anisimov wins face-off versus Barrett Hayton in UTAH ICE BE